 Dungeon Crawl Stone Soup version 0.31-a0-532-g28f74ba3e5 (webtiles) character file.

Game seed: 1915171907980253887

552 Crownlay the Gusty (level 7, -1/41 HPs)
             Began as an Octopode Venom Mage on Aug 11, 2023.
             Slain by a two-headed ogre
             ... wielding a +0 giant club
              (27 damage)
             ... on level 4 of the Dungeon on Aug 12, 2023.
             The game lasted 00:13:42 (4462 turns).

Crownlay the Gusty (Octopode Venom Mage)            Turns: 4462, Time: 00:13:43

Health: -1/41      AC: 12    Str:  7    XL:     7   Next: 29%
Magic:  9/10       EV: 13    Int: 20    God:
Gold:   38         SH:  0    Dex: 12    Spells: 7/10 levels left

rFire   . . .        k - +5 flail (protect)
rCold   . . .        (no shield)
rNeg    . . .        (helmet restricted)
rPois   .            (no amulet)
rElec   .            r - +4 ring of protection
rCorr   .            (no ring)
SInv    .            (no ring)
Will    .....        (no ring)
Stlth   +++          (no ring)
HPRegen 0.26/turn    (no ring)
MPRegen 0.12/turn    (no ring)
                     (no ring)

%: no passive effects
@: under a protective aura
A: almost no armour, amphibious, 8 rings, camouflage 1, gelatinous body 1,
(nimble swimmer 1), tentacles
a: no special abilities


You were on level 4 of the Dungeon.
You visited 2 branches of the dungeon, and saw 5 of its levels.

You collected 134 gold pieces.
You spent 96 gold pieces at shops.

Inventory:

Hand Weapons
 k - a +5 flail of protection (weapon)
Jewellery
 r - a +4 ring of protection (left tentacle)
Talismans
 l - a serpent talisman
Wands
 n - a wand of polymorph (4)
Scrolls
 b - 3 scrolls of identify {unknown}
 e - a scroll of fog {unknown}
 f - 2 scrolls of fear
 g - a scroll of enchant weapon {unknown}
 h - 2 scrolls of teleportation {unknown}
 j - a scroll of noise {unknown}
 s - a scroll of blinking {unknown}
Potions
 a - 2 potions of magic
 c - 2 potions of might {unknown}
 d - 2 potions of resistance {unknown}
 i - 4 potions of heal wounds
 m - a potion of enlightenment {unknown}
 o - 4 potions of curing
 p - a potion of degeneration {unknown}
 q - a potion of berserk rage {unknown}


   Skills:
 - Level 2.0 Dodging
 - Level 2.6 Stealth
 + Level 2.2 Spellcasting
 - Level 1.0 Transmutations
 - Level 4.0 Ice Magic
 * Level 5.2 Air Magic
 - Level 5.0 Poison Magic


You had 7 spell levels left.
You knew the following spells:

 Your Spells              Type           Power      Damage    Failure   Level
a - Sting                 Tmut/Pois      56%        1d5       4%          1
b - Poisonous Vapours     Pois/Air       44%        N/A       2%          2

Your spell library contained the following spells:

 Spells                   Type           Power      Damage    Failure   Level
 Freeze                   Ice            72%        1d8       3%          1
 Frozen Ramparts          Ice            36%        1d6       9%          3
 Ozocubu's Armour         Ice            18%        N/A       9%          3
 Mephitic Cloud           Conj/Pois/Air  15%        N/A       12%         3
 Kiss of Death            Conj/Necr      8%         2d6       16%         1
 Hailstorm                Conj/Ice       10%        3d5       21%         3
 Olgreb's Toxic Radiance  Pois           22%        N/A       21%         4
 Confusing Touch          Hex            2%         N/A       43%         3
 Portal Projectile        Hex/Tloc       4%         N/A       43%         3
 Tukima's Dance           Hex            2%         N/A       43%         3
 Vampiric Draining        Necr           2%         2d6       43%         3
 Dispel Undead            Necr           2%         3d7       83%         4
 Iskenderun's Mystic Bla  Conj/Tloc      2%         2d3       83%         4
 Conjure Ball Lightning   Conj/Air       6%         3x3d6     100%        6
 Discord                  Hex            1%         N/A       100%        8
 Disjunction              Tloc           1%         N/A       100%        8
 Polar Vortex             Ice            9%         12d1*     100%        9


Dungeon Overview and Level Annotations

Branches:
Dungeon (4/15)             Temple (1/1) D:4

Altars:
Ashenzari
Cheibriados
Dithmenos
Elyvilon
Fedhas
Gozag
Hepliaklqana
Nemelex Xobeh
Qazlal
Ru
Trog
Vehumet
Xom
Yredelemnul
Zin
The Shining One

Shops:
D:3 !


Innate Abilities, Weirdness & Mutations

You cannot wear most types of armour.
You are amphibious.
You can wear up to eight rings at the same time.
Your skin changes colour to match your surroundings (Stealth+).
Your rubbery body absorbs attacks. (AC +1, EV +1)
((You are camouflaged when in or above water. (Stealth+)))
You have tentacles for arms and can constrict up to eight enemies at once.


Message History

The sting hits the scorpion.
The scorpion is poisoned.
The scorpion is lightly wounded.
You closely miss the scorpion. You grab the scorpion.
The scorpion is lightly wounded.
You constrict the scorpion. The scorpion misses you. The scorpion stings you.
You hit the scorpion but do no damage.
Your weapon exudes an aura of protection.
You squeeze the scorpion!
The scorpion is almost dead.
You constrict the scorpion, but do no damage.
You kill the scorpion!
o - 4 potions of curing (gained 1)
A two-headed ogre comes into view. It is wielding two +0 giant clubs.
Casting: Sting (safe; 4% risk of failure)
Confirm with . or Enter, or press ? or * to list all spells.
Okay, then.
Casting: Sting (safe; 4% risk of failure)
Confirm with . or Enter, or press ? or * to list all spells.
Aiming: Poisonous Vapours (safe; 2% risk of failure)
Press: ? - help, Dir - move target, f - two-headed ogre
Aim: a two-headed ogre, wielding two +0 giant clubs (asleep)
Okay, then.
Casting: Poisonous Vapours (safe; 2% risk of failure)
Confirm with . or Enter, or press ? or * to list all spells.
Aiming: Sting (safe; 4% risk of failure)
Press: ? - help, Shift-Dir - straight line, f - two-headed ogre
Aim: a two-headed ogre, wielding two +0 giant clubs (asleep, 100% to hit)
The sting hits the two-headed ogre.
The two-headed ogre is poisoned.
The two-headed ogre is lightly wounded.
The two-headed ogre shouts in stereo!
You hit the two-headed ogre.
Your weapon exudes an aura of protection.
The two-headed ogre is lightly wounded.
The two-headed ogre hits you with a +0 giant club!
The two-headed ogre barely misses you.
You sock the two-headed ogre!
The two-headed ogre is moderately wounded.
The two-headed ogre hits you with a +0 giant club!!
Ouch! That really hurt!
You die...

......### ##.###..
........# #..<....
........# #..##.##
........# #..##.#
......### #..##.
......############
#..##.##
##...............#
#..##.#.
###############.#
........ #@# #.. ...
##. #.O...... #.
#.###.### #..# #.
######### #.# #># #..#
## ........# #.# #.#
..##### #######.# #.#
#.# ....... #######.##
#.###.# #.#####
....##...#######.....#
#.#
###..............###.#
####.#####


You could see a two-headed ogre (poisoned).

Vanquished Creatures
  An ogre (D:4)
  2 scorpions (D:4)
  An orc priest (D:3)
  Ijyb (D:3)
  Terence (D:2)
  Natasha (thrice) (D:3)
  2 orc wizards (D:3)
  3 adders
  3 gnolls
  A shadow imp (D:4)
  A worm (D:4)
  4 dart slugs
  4 orcs
  7 endoplasms
  2 giant cockroaches
  5 hobgoblins
  7 jackals
  6 quokkas
  5 ball pythons
  4 bats
  4 frilled lizards
  4 goblins
  3 kobolds
  5 rats (D:1)
79 creatures vanquished.

Notes
Turn   | Place    | Note
-------+----------+-------------------------------------------
     0 | D:1      | Crownlay the Octopode Venom Mage began the quest for the
                  | Orb.
     0 | D:1      | Reached XP level 1. HP: 11/11 MP: 3/3
   179 | D:1      | Reached XP level 2. HP: 17/17 MP: 0/5
   182 | D:1      | Learned a level 2 spell: Poisonous Vapours
   459 | D:1      | Found a faded altar of an unknown god.
   604 | D:1      | Reached XP level 3. HP: 19/21 MP: 0/6
   678 | D:1      | Reached skill level 1 in Air Magic
  1214 | D:1      | Got the Catalogue of Undead Cold
  1287 | D:2      | Upgraded the game from 0.31-a0-523-g071a6c1ffa to
                  | 0.31-a0-532-g28f74ba3e5
  1377 | D:2      | Reached skill level 5 in Poison Magic
  1490 | D:2      | Reached XP level 4. HP: 17/27 MP: 0/7
  1629 | D:2      | Noticed Terence
  1906 | D:2      | Killed Terence
  2364 | D:2      | Found a basalt altar of Yredelemnul.
  2568 | D:3      | Noticed Ijyb
  2585 | D:3      | Killed Ijyb
  2586 | D:3      | Reached XP level 5. HP: 31/31 MP: 4/8
  2632 | D:3      | Found a broken altar of Ashenzari.
  2917 | D:3      | Noticed Natasha
  2923 | D:3      | Killed Natasha
  3008 | D:3      | Found a shadowy altar of Dithmenos.
  3026 | D:3      | Reached skill level 1 in Ice Magic
  3148 | D:3      | Reached XP level 6. HP: 29/36 MP: 6/9
  3376 | D:3      | Found Woan's Distillery.
  3383 | D:3      | Bought a potion of curing for 36 gold pieces
  3383 | D:3      | Bought a potion of heal wounds for 60 gold pieces
  3588 | D:4      | Found a staircase to the Ecumenical Temple.
  3605 | Temple   | Entered the Ecumenical Temple
  3728 | D:3      | Noticed Natasha
  3737 | D:3      | Killed Natasha
  3756 | D:3      | Noticed Natasha
  3764 | D:3      | Killed Natasha
  3952 | D:4      | Reached XP level 7. HP: 41/41 MP: 5/10
  4141 | D:4      | Reached skill level 5 in Air Magic
  4459 | D:4      | Noticed a two-headed ogre
  4462 | D:4      | Slain by a two-headed ogre

Illustrated notes

Levels and vault maps discovered:
D:1:      minmay_arrival_loop, layout_basic, chequers_ecumenical_altar_lobes
D:2:      layout_basic, basic_altar, lightli_corner_chamber, uniq_terence
D:3:      layout_basic, grunt_dithmenos_smoke, ashenzari_conservatory_becter,
          serial_shops, shop, uniq_ijyb, uniq_natasha
D:4:      layout_loops_ring, minmay_temple_entry_waves, chequers_jeans,
          due_unseen_surprise
Temple:   dpeg_chambers_temple

Skill      XL: |  1  2  3  4  5  6  7 |
---------------+----------------------+-----
Poison Magic   | 4 5 |  5.0
Air Magic      | 2 3 4 5 |  5.2
Ice Magic      | 2 4 |  4.0
Dodging        | |  2.0
Stealth        | |  2.6
Spellcasting   | |  2.2
Transmutations | |  1.0

Action                     |  1- 3 |  4- 6 |  7- 9 || total
---------------------------+-------+-------+-------++-------
  Melee: Unarmed           |    13 |    12 |       ||    25
         Constrict         |     3 |    10 |     4 ||    17
         Tentacles         |     3 |    15 |     2 ||    20
         Flail             |       |    52 |    16 ||    68
         Punch             |       |     2 |     1 ||     3
   Cast: Sting             |    36 |    20 |     4 ||    60
         Poisonous Vapours |    11 |    29 |     5 ||    45
    Use: Scroll            |     1 |       |       ||     1
   Stab: Sleeping          |       |     6 |     1 ||     7
         Confused          |       |     1 |       ||     1
 Armour: Skin              |     1 |    13 |     2 ||    16
  Dodge: Dodged            |     9 |    32 |    10 ||    51

Table legend: (Time is in decaauts)
 A = Elapsed time spent in this place.
 B = Non-inter-level travel time spent in this place.
 C = Inter-level travel time spent in this place.
 D = Time resting spent in this place.
 E = Time spent auto-exploring this place.
 F = Levels seen in this place.
 G = Mean time per level.
                   A        B        C        D        E       F      G
               +--------+--------+--------+--------+--------+-----+--------+
         Total |   4501 |   4367 |    134 |    528 |   3136 |   5 |  900.2 |
       Dungeon |   4478 |   4356 |    122 |    528 |   3136 |   4 | 1119.5 |
        Temple |     23 |     11 |     12 |      0 |      0 |   1 |   23.0 |
               +--------+--------+--------+--------+--------+-----+--------+

Top non-repeatable levels by time:
     D:1: 1281 daAuts
     D:2: 1276 daAuts
     D:3: 1214 daAuts
     D:4: 706 daAuts
  Temple: 23 daAuts
